Cogmind - Beta 14 @@@ ROGUE MODE // 2024.09.11 @ 02:20:26 Player: Frido Result: Self-destructed Performance ------------- Evolutions (1) 500 Regions Visited (2) 400 Robots Destroyed (25) 125 Value Destroyed (597) 597 Prototype IDs (0) 0 Alien Tech Used (0) 0 Bonus (0) 0 TOTAL SCORE: 1622 Bonus ------- None Cogmind --------- Core Integrity 238/400 Matter 178/300 Energy 125/125 System Corruption 2% Temperature Cool (0) Movement Core (750) Ox14 Location -9/Materials Parts ------- > --- POWER (2) -------- Light Ion Engine > --- PROPULSION (2) --- (None) > --- UTILITY (2) ------ Large Storage Unit Large Storage Unit > --- WEAPON (3) ------- Mace > --- INVENTORY (15) --- Armored Wheel Peak State ------------ > --- POWER ------------ Ion Engine Light Ion Engine > --- PROPULSION ------- Improved Treads Improved Treads > --- UTILITY ---------- Medium Battery Medium Matter Pod > --- WEAPON ----------- Rocket Launcher Rocket Launcher Mace > --- INVENTORY -------- Light Cannon Grenade Launcher [Rating: 14] Favorites ----------- Power Light Ion Engine Engine Light Ion Engine Propulsion Improved Treads Treads Improved Treads Leg Aluminum Leg Wheel Wheel Flight Unit Flight Unit Utility Medium Battery Device Sensor Array Storage Medium Battery Processor Signal Interpreter Weapon Rocket Launcher Energy Gun Medium Laser Ballistic Cannon Light Cannon Launcher Rocket Launcher Impact Weapon Mace Special Melee Weapon Datajack Build | -11 -10 -9 ------- Run | Yrd Mat Mat Slots Evolved 2 | . . 2 Power 1 | . . 1 Propulsion . | . . . Utility . | . . . Weapon 1 | . . 1 Parts Attached 51 | 10 26 15 Power 5 | 1 2 2 Engine 5 | 1 2 2 Core . | . . . Reactor . | . . . Propulsion 15 | 2 9 4 Treads 5 | . 2 3 Leg 1 | . 1 . Wheel 8 | 2 5 1 Hover . | . . . Flight 1 | . 1 . Utility 11 | 2 5 4 Device 3 | 2 . 1 Storage 7 | . 4 3 Processor 1 | . 1 . Hackware . | . . . Protection . | . . . Artifact . | . . . Weapon 20 | 5 10 5 Energy Gun 7 | 5 2 . Energy Cannon . | . . . Ballistic Gun . | . . . Ballistic Cannon 2 | . 1 1 Launcher 7 | . 5 2 Special Weapon . | . . . Impact Weapon 2 | . . 2 Slashing Weapon . | . . . Piercing Weapon . | . . . Special Melee Weapon 2 | . 2 . Unidentified Prototypes . | . . . Parts Lost 13 | . 2 11 Power 3 | . 1 2 Propulsion 3 | . 1 2 Utility 3 | . . 3 Weapon 4 | . . 4 Highest Loss Streak 5 | . 2 5 To Critical Strikes . | . . . Average Slot Usage (%) 84 | . 92 73 Engine 10 | . 10 9 Treads 12 | . 9 17 Leg 1 | . 2 . Wheel 8 | . 14 . Device 2 | . 1 3 Storage 15 | . 16 13 Processor 5 | . 8 . Energy Gun 10 | . 16 . Launcher 13 | . 10 18 Impact Weapon 3 | . . 9 Peak Build Rating 14 | 7 11 14 Average Rating 8 | 4 7 9 On Entrance 5 | . 6 11 Naked Turns . | . . . Heaviest Build 45 | 8 15 45 Greatest Support 46 | 20 46 46 Greatest Overweight (x) 3 | . 3 1 Average Overweight (x) . | . . . Largest Inventory Capacity 15 | 5 5 15 Average Capacity 5 | 5 5 6 Most Carried 4 | 2 4 3 Average Carried 1 | . . 1 Final Capacity 15 | 5 5 15 Final Carried 3 | . 3 1 Class Distribution -------------------- 98% | Mutant Dominant Class ---------------- Mutant | -10/Materials Mutant | -9/Materials Resources | -11 -10 -9 ----------- Run | Yrd Mat Mat Matter Collected 855 | 300 355 200 Remotely . | . . . Salvage Created 526 | 86 159 281 Parts 38 | 8 11 19 Haulers Intercepted . | . . . Recyclers Shooed 1 | . . 1 Parts Field Recycled . | . . . Retrieved Matter . | . . . Parts Self-Destructed . | . . . Prevented . | . . . Kills | -11 -10 -9 ------- Run | Yrd Mat Mat Combat Hostiles Destroyed 12 | 1 3 8 Melee 1 | . . 1 Guns 3 | . 3 . AOE 8 | 1 . 7 Classes Destroyed 7 | 2 2 3 Builder 8 | . 1 7 Tunneler 2 | 2 . . Recycler 1 | . . 1 Watcher 2 | . 1 1 Grunt 9 | 1 3 5 Brawler 1 | . . 1 Sentry 2 | . . 2 Best Kill Streak 4 | 3 1 4 Combat Bots Only 2 | 1 1 2 Max Kills in Single Turn 3 | 3 1 2 Gunslinging . | . . . Exploded 2 | 1 . 2 Melee 1 | . . 1 Uniques/NPCs Destroyed . | . . . Combat | -11 -10 -9 -------- Run | Yrd Mat Mat Hostile Shots Fired 146 | 6 44 96 Missed 42 | 1 13 28 Damage Taken 1500 | 57 342 1101 Core 279 | 20 97 162 Absorbed by Shields . | . . . Core Remaining (%) 72 | 92 53 . Volleys Fired 56 | 4 28 24 Largest 2 | 2 2 2 Hottest 90 | 90 90 68 Shots Fired 97 | 8 53 36 Gun 61 | 8 53 . Cannon 10 | . . 10 Launcher 26 | . . 26 Special . | . . . Kinetic 10 | . . 10 Thermal 51 | 4 47 . Explosive 26 | . . 26 Electromagnetic 10 | 4 6 . Robot Hit Streak 5 | 5 4 4 Robot Miss Streak 6 | 1 6 4 Penetration Max . | . . . Secondary Targets 1 | . 1 . Max Gunslinging Chain 1 | . 1 . Shots Hit Robots 64 | 6 29 29 Core Hits 34 | 4 7 23 Critical Kills . | . . . Critical Parts Destroyed 2 | . . 2 Critical Strikes 5 | 1 1 3 Burn 1 | . 1 . Blast 1 | . . 1 Corrupt 1 | 1 . . Smash 2 | . . 2 Melee Attacks 16 | . 3 13 Impact 13 | . . 13 Slashing . | . . . Piercing . | . . . Sneak Attacks 4 | . . 4 Combat Hostiles . | . . . Follow-up Attacks . | . . . Damage Inflicted 2236 | 211 343 1682 Guns 420 | 77 343 . Cannons 124 | . . 124 Explosions 1268 | 134 . 1134 Melee 424 | . . 424 Ramming . | . . . Kinetic 124 | . . 124 Thermal 456 | 160 296 . Explosive 1134 | . . 1134 Electromagnetic 98 | 51 47 . Impact 424 | . . 424 Slashing . | . . . Piercing . | . . . Highest Corruption 2 | . . 2 Average Corruption 2 | . . 2 Corruption Purged . | . . . Corruption Blocked . | . . . Effects 7 | . . 7 Message Errors 1 | . . 1 Matter Fused 1 | . . 1 Heat Flow Errors 2 | . . 2 Energy Discharges 2 | . . 2 Data Loss (major) 1 | . . 1 Overload Shots . | . . . Overflow Damage 216 | . . 216 Projectiles . | . . . Explosions 27 | . . 27 Melee 189 | . . 189 Knockbacks 2 | . . 2 Impact 2 | . . 2 Kinetic . | . . . Secondary . | . . . Self-Inflicted Damage 144 | 5 . 139 Shots 5 | 1 . 4 Rammed . | . . . Targets Rammed . | . . . Kicked . | . . . Crushed . | . . . Highest Temperature 227 | 156 227 179 Average Temperature 65 | 81 70 43 Received Heat Transfer 624 | 30 186 408 Siege Activations . | . . . Robots Corrupted 2 | . . 2 Combat Hostiles . | . . . Parts Fried 6 | . . 6 Impact Corruptions 6 | . . 6 Robots Melted . | . . . Combat Hostiles . | . . . Parts Melted . | . . . Heat Transferred 1053 | 174 879 . Parts Sabotaged . | . . . Parts Stolen . | . . . Parts Stripped . | . . . Power Chain Reactions 1 | 1 . . Alert | -11 -10 -9 ------- Run | Yrd Mat Mat Peak Influence 248 | 30 144 248 Initial 19 | . 19 . Average 82 | 8 42 161 Maximum Alert Level 1 | . . 1 Low Security (%) 80 | 100 100 45 Level 1 19 | . . 54 Level 2 . | . . . Level 3 . | . . . Level 4 . | . . . Level 5 . | . . . High Security . | . . . Max Security . | . . . Squads Dispatched 4 | . 2 2 Investigation . | . . . Extermination . | . . . Reinforcement 4 | . 2 2 Assault . | . . . Garrison . | . . . Intercept . | . . . Searches Triggered . | . . . Construction Impeded 2 | . . 2 Haulers Reinforced . | . . . Active Scanning Responses . | . . . Cargo Convoy Interrupts . | . . . Stealth | -11 -10 -9 --------- Run | Yrd Mat Mat Distress Signals 3 | . 2 1 Communications Jammed . | . . . Distress Signals . | . . . Times Spotted 21 | 1 8 12 Peak Tracking Total 4 | 1 3 4 Tactical Retreats 1 | . 1 . Traps | -11 -10 -9 ------- Run | Yrd Mat Mat Traps Triggered . | . . . Indirectly . | . . . Trap Hack Attempts . | . . . Triggered . | . . . Disarmed . | . . . Reprogrammed . | . . . Reused . | . . . Traps Extracted . | . . . Installed . | . . . Triggered . | . . . Machines | -11 -10 -9 ---------- Run | Yrd Mat Mat Machines Disabled 7 | . 2 5 Max in Single Turn 3 | . 1 3 Machines Repaired . | . . . Machines Dismantled . | . . . Machines Sabotaged . | . . . Overloaded Fab Kills . | . . . Hacking | -11 -10 -9 --------- Run | Yrd Mat Mat Machines Accessed 1 | . . 1 Terminals 1 | . . 1 Fabricators . | . . . Repair Stations . | . . . Recycling Units . | . . . Scanalyzers . | . . . Garrison Access . | . . . Total Hacks 1 | . . 1 Successful 1 | . . 1 Failed . | . . . Catastrophic . | . . . Database Lockouts . | . . . Manual . | . . . Terminals 1 | . . 1 Fabricators . | . . . Repair Stations . | . . . Recycling Units . | . . . Scanalyzers . | . . . Garrison Access . | . . . Terminal Hacks 1 | . . 1 Record 1 | . . 1 Fabricator Hacks . | . . . Repair Station Hacks . | . . . Recycling Unit Hacks . | . . . Scanalyzer . | . . . Garrison Access Hacks . | . . . Unauthorized Hacks . | . . . Terminals . | . . . Fabricators . | . . . Repair Stations . | . . . Recycling Units . | . . . Scanalyzers . | . . . Garrison Access . | . . . Data Cores Recovered . | . . . Used . | . . . Hacking Detections . | . . . Full Trace Events . | . . . Feedback Events . | . . . Feedback Blocked . | . . . Robot Schematics Acquired . | . . . Robots Built . | . . . Authchips . | . . . Time . | . . . Total Robot Build Rating . | . . . Part Schematics Acquired . | . . . Parts Built . | . . . Authchips . | . . . Time . | . . . Total Part Build Rating . | . . . Parts Repaired . | . . . Time . | . . . Parts Recycled . | . . . Recycled Matter . | . . . Retrieved Matter . | . . . Retrieved Components . | . . . Parts Scanalyzed . | . . . Part Schematics Acquired . | . . . Parts Damaged . | . . . Bothacking | -11 -10 -9 ------------ Run | Yrd Mat Mat Used RIF Installer . | . . . Robots Hacked 1 | . 1 . Non-combat 1 | . 1 . Combat . | . . . Robot Hacks Applied 1 | . 1 . parse_system 1 | . 1 . Relay Couplers Released . | . . . Fabnet Peak Effective % . | . . . Robots Rewired . | . . . Allies Hacked . | . . . Hacks Repelled . | . . . Allies | -11 -10 -9 -------- Run | Yrd Mat Mat Total Allies . | . . . Largest Group . | . . . Highest-Rated Group . | . . . Highest-Rated Ally . | . . . Total Orders . | . . . Ally Attacks . | . . . Total Damage . | . . . Kills . | . . . Allies Corrupted . | . . . Allies Melted . | . . . Intel | -11 -10 -9 ------- Run | Yrd Mat Mat Robot Analysis Total . | . . . Derelict Logs Recovered . | . . . Drone Launches . | . . . Drone Recoveries . | . . . Exploration | -11 -10 -9 ------------- Run | Yrd Mat Mat Turns Passed 1990 | 145 1141 704 Spaces Moved 1390 | 150 885 355 Core 28 | 21 7 . Treads 581 | . 226 355 Legs 68 | . 68 . Wheels 713 | 129 584 . Hover . | . . . Flight . | . . . Fastest Speed 50 | 50 80 160 Average Speed 121 | 75 112 164 Slowest Speed 240 | 80 200 240 Overloaded Moves . | . . . Propulsion Burnouts . | . . . Robots Hopped . | . . . Cave-ins Triggered . | . . . Exploration Rate (%) 32 | 7 68 22 Regions Visited 2 Branch Regions . Pre-discovered Areas . | . . . Known Exits Taken 1 | . 1 . Unknown Exits Taken 1 | 1 . . Scrap Searched . | . . . Spaces Dug . | . . . Terrain Destroyed 168 | . . 168 Melee . | . . . Projectile . | . . . AOE 168 | . . 168 Terrain Rammed . | . . . Walls Destroyed . | . . . Machines Disabled . | . . . Actions | -11 -10 -9 --------- Run | Yrd Mat Mat Total 1578 | 173 988 417 Wait 1 | 1 . . Move 1388 | 149 884 355 Hop . | . . . Pick Up 8 | 2 6 . Fast Attach 37 | 7 21 9 Attach 12 | 3 3 6 Detach 32 | 4 21 7 Swap 2 | . 2 . Drop 26 | 3 20 3 Fire 56 | 4 28 24 Melee 16 | . 3 13 Ram . | . . . Kick . | . . . Crush . | . . . Escape Stasis . | . . . Rewire . | . . . Trap . | . . . Miscellaneous . | . . . Route ------- -11/Scrapyard -10/Materials (discovered 2 exits: *Mat / *Min) -9/Materials (discovered 1 exit: [*Min]) History --------- Turn | Location | Event 2 | -11/Scrapyard | Met Revision 17 81 | -11/Scrapyard | Discovered new exit (range 8) 146 | -11/Scrapyard | Entered Materials 316 | -10/Materials | Discovered new exit (range 6) 361 | -10/Materials | Build established: Mutant 361 | -10/Materials | Identified exit to Mines 875 | -10/Materials | Discovered new exit (range 15) 897 | -10/Materials | Identified exit to Materials 1287 | -10/Materials | Entered another Materials area 1287 | -9/Materials | Evolved 2 slots: Power x1, Weapon x1 1452 | -9/Materials | Discovered new exit (range 10) 1882 | -9/Materials | Lost 5 parts (1p2u2w) 1991 | -9/Materials | Self-destructed Last Messages --------------- Grenade Launcher destroyed. Destroyed Grenade Launcher. U-05 Engineer builds a Wall. Acquired 8 matter. U-05 Engineer lays Concrete. The unstable cave ceiling collapses. U-05 Engineer lays Concrete. W-16 Scout sends out distress signal. The unstable cave ceiling collapses. Sneak attack on U-05 Engineer. U-05 Engineer destroyed. Acquired 26 matter. Acquired Lgt. Ion Engine. Lgt. Treads destroyed. KP6VRMSGS:DMWTMX>MSXJUKCMTA7Z4IV<=&Z T-07 Excavator is excavating. K-01 Serf collects debris. T-07 Excavator is excavating. K-01 Serf collects debris. Imp. Treads destroyed. Map ----- +----------------------------------------------------+ | #??? #? #????????????????????????????????????? | | #### # #??????????????????#?????????????????? | | #### # #????????????????? ##????????????????? | | + """ ???#######?????### ?????????????????? | | # """ ??##! ##### ?? ????????????????? | | # """ ??#! ! # ? #????????????????? | | ######### ## # ## #?????????????????? | | = # # #?????????????????? | | ### = ! #?????????????????? | | % < |%= # +?##???????????????? | | ###### ! # #???????????? | | # # # # #### # ! ?????????????? | | # ### ##### # ### ## ?????????????? | | # #?# #???# ## #???????????? | | # +? #???##?# ########????????????? | | + ###+#??????# """"" ##???????????????????? | | ### #??????????# """"" #????????????????????? | | #?# #??????????# #????????????????????? | | #?# #??????????# #????????????????????? | | ??# #??????????# #????????????????????? | | ??######??????????# =!! #????????????????????? | | ??????????????????#####+###+#????????????????????? | | ?????????????????????# #????????????????????? | | ?????????????????????# kg #????????????????????? | | ?????????????????????# w #????????????????????? | | ?????????????????????# @ g#????????????????????? | | ?????????????????????# #????????????????????? | | ??????????????????? #????????????????????? | | ????????????????# k???????????????????? | | ??????????????# t k######??????????????????? | | ??????????????### ######???????????????????????? | | ????????????????# ?????????????????????????????? | | ???????????????# ??????????????????????????????? | | ???????????????# ??????????????????????????????? | | ???????????????# ???????????????????????????????? | | ???????????????# ???????????????????????????????? | | ???????????????# ????????????????????????????????? | | ?????????????????????????????????????????????????? | | ?????????????????????????????????????????????????? | | ?????????????????????????????????????????????????? | | ?????????????????????????????????????????????????? | | ?????????????????????????????????????????????????? | | ?????????????????????????????????????????????????? | | ?????????????????????????????????????????????????? | | ?????????????????????????????????????????????????? | | ?????????????????????????????????????????????????? | | ?????????????????????????????????????????????????? | | ?????????????????????????????????????????????????? | | ?????????????????????????????????????????????????? | | ?????????????????????????????????????????????????? | +----------------------------------------------------+ Best States ------------- Heat Dissipation 28 Energy Generation 15 Energy Capacity 425 Matter Stores 400 Matter Capacity 400 Sight Range 16 Robot Scan Range 14 Terrain Scan Density 10 Evasion (%) 55 Recoil Reduction 2 Item Schematics ----------------- None Robot Schematics ------------------ None Fabricated ------------ Nothing Alien Tech Used ----------------- None Achievements -------------- Power Corrupts Challenges ------------ None Game ------ Seed AssaultArcCapacitor Manual? 0 Play Time 00:30:22 Cumulative 0.6 hours Start 2024.09.11 @ 01:48:52 End 2024.09.11 @ 02:20:26 Sessions 1 Manual Loads 0 Difficulty Rogue Special Mode None Game No. 2 Rogue 2 Adventurer 0 Explorer 0 Win Type - Total 0 Types 0/0/0/0/0/0/0/0/0 Lore% 0 Gallery% 2 Achievement% 1 Wizard Run 0 Options --------- Layout 1 ASCII 0 Keyboard 1 Movement Arrows Keybinds 0 Fullscreen 2 Font 32/SmallcapsGlow Map View 77x35 Zoom Use 0% Tactical HUD 0 Map Filters NONE Filters NONE Steam 1 RUN: 2ba484f4-9c72-4709-8a74-579c1e21dc5e